 Dungeon Crawl Stone Soup version 0.31-a0-426-g3a05650e59 (webtiles) character file.

Game seed: 10430872091018843733

121 shadowstone the Conjurer (level 5, -5/31 HPs)
             Began as a Gargoyle Reaver on July 30, 2023.
             Was an Initiate of Gozag.
             Slain by an ogre
             ... wielding a +0 giant club
              (19 damage)
             ... on level 4 of the Dungeon.
             The game lasted 00:14:28 (5600 turns).

shadowstone the Conjurer (Gargoyle Reaver)          Turns: 5600, Time: 00:14:32

Health: -5/31      AC: 18    Str: 22    XL:     5   Next: 5%
Magic:  8/8        EV: 11    Int: 13    God:    Gozag
Gold:   463        SH:  0    Dex: 13    Spells: 5/8 levels left

rFire   . . .        m - +4 mace of True Grit {freeze, Str+4}
rCold   . . .        (no shield)
rNeg    + . .        s - +4 ring mail of the Tsukumogami {*Corrode Will+++ Dex+5}
rPois   ∞            h - +0 helmet
rElec   +            (no cloak)
rCorr   +            (no gloves)
SInv    .            (no boots)
Will    +++..        (no amulet)
Stlth   +            x - ring of resist corrosion
HPRegen 0.25/turn    w - +4 ring of protection
MPRegen 0.11/turn

%: corrode self (3%)
@: no status effects
A: sickness immunity, AC +4, negative energy resistance 1, electricity
resistance, torment resistance 1, petrification resistance
a: Renounce Religion, Potion Petition, Call Merchant, Bribe Branch


You were on level 4 of the Dungeon.
You worshipped Gozag.
Gozag was aware of your devotion.
You visited 1 branch of the dungeon, and saw 4 of its levels.

You collected 463 gold pieces.

Inventory:

Hand Weapons
 a - a +0 falchion
 c - a +2 dagger of speed
 e - a +4 vampiric whip
 g - a +2 dagger of protection
 j - a +0 arbalest
 m - the +4 mace of True Grit (weapon) {freeze, Str+4}
   (You found it on level 2 of the Dungeon)

   Str:       It affects your strength (+4).
 n - a +1 heavy spear
 v - a +2 short sword of flaming
Armour
 b - a +0 leather armour
 h - a +0 helmet (worn)
 p - a +0 ring mail
 s - the +4 ring mail of the Tsukumogami (worn) {*Corrode Will+++ Dex+5}
   (You found it on level 3 of the Dungeon)

   Dex:       It affects your dexterity (+5).
   *Corrode:  It may corrode you when you take damage.
   Will:      It greatly increases your willpower.
Jewellery
 r - a ring of positive energy
 t - a ring of willpower
 w - a +4 ring of protection (right hand)
 x - a ring of resist corrosion (left hand)
Scrolls
 d - 3 scrolls of identify {unknown}
 k - a scroll of enchant armour {unknown}
 o - a scroll of teleportation
 u - a scroll of fear {unknown}
Potions
 f - a potion of cancellation {unknown}
 i - a potion of brilliance {unknown}
 l - a potion of ambrosia {unknown}
 q - 2 potions of mutation {unknown}


   Skills:
 + Level 2.5 Fighting
 + Level 1.3(2.3) Short Blades
 + Level 3.0(3.1) Long Blades
 + Level 1.4 Maces & Flails
 + Level 2.1 Armour
 + Level 2.0 Dodging
 + Level 0.3 Stealth
 * Level 2.4 Spellcasting
 + Level 3.5 Conjurations
 + Level 0.1 Translocations


You had 5 spell levels left.
You knew the following spells:

 Your Spells              Type           Power      Damage    Failure   Level
a - Kiss of Death         Conj/Necr      24%        2d7       19%         1
b - Momentum Strike       Conj/Tloc      12%        3d8       28%         2

Your spell library contained the following spells:

 Spells                   Type           Power      Damage    Failure   Level
 Hailstorm                Conj/Ice       6%         3d4       50%         3
 Inner Flame              Hex/Fire       1%         N/A       75%         3
 Flame Wave               Conj/Fire      6%         2d5       88%         4
 Sticky Flame             Conj/Fire      6%         2d3       88%         4


Dungeon Overview and Level Annotations

Branches:
Dungeon (4/15)
 Temple: D:4-7

Altars:
Gozag


Innate Abilities, Weirdness & Mutations

You are immune to sickness and miasma.
Your stone body is resilient. (AC +4)
You are immune to poison.
You resist negative energy. (rN+)
You are resistant to electric shocks. (rElec)
You are resistant to unholy torment.
You are immune to petrification.


Message History

You see here a +0 club.
You now have 425 gold pieces (gained 9).
You now have 431 gold pieces (gained 6).
You now have 444 gold pieces (gained 13).
You now have 457 gold pieces (gained 13).
You now have 463 gold pieces (gained 6).
A kobold comes into view. It is wielding a +0 short sword.
The kobold shouts!
An ogre comes into view. It is wielding a +0 giant club.
The kobold hits you but does no damage. The kobold hits you but does no damage.
A hobgoblin comes into view.
You barely miss the kobold. Your punch misses the kobold.
The kobold closely misses you.
You closely miss the kobold. The kobold hits you but does no damage.
You barely miss the ogre. The kobold closely misses you.
The ogre barely misses you.
You barely miss the ogre. The kobold misses you. The ogre barely misses you.
The kobold barely misses you.
You sock the ogre! You freeze the ogre.
The ogre is heavily wounded.
The kobold hits you but does no damage. The ogre hits you with a +0 giant club!
You hit the ogre. You freeze the ogre.
The ogre is heavily wounded.
An adder comes into view.
The kobold barely misses you. The hobgoblin hits you. The ogre misses you.
You hit the ogre. You freeze the ogre.
The ogre is almost dead.
The kobold completely misses you. The hobgoblin misses you.
The hobgoblin hits you but does no damage.
The ogre hits you but does no damage.
The kobold hits you with a +0 short sword.
You barely miss the ogre.
The ogre is almost dead.
The kobold hits you but does no damage.
The hobgoblin hits you but does no damage.
The ogre hits you with a +0 giant club!!
Ouch! That really hurt!
You die...
Your body crumbles into a pile of gold.

...... ..............
...... .............
...... ............
...... ...........
.##+## .......S.. #....
.........# ##....
.......Kg# #.....
......O@.# #.....
.........# #.....
.........# +.....
.........#+## ### ##...#
#####'#.....###.####...#
...#.....#...........
.....#.....#...........
.....#.....#...........
##. #.....###.####...#


You could see an ogre, an adder, a hobgoblin and a kobold.

Vanquished Creatures
  3 gnolls (D:3)
  2 adders (D:2)
  A worm (D:3)
  An orc (D:3)
  7 ball pythons
  3 endoplasms
  4 giant cockroaches
  10 goblins
  8 hobgoblins
  4 jackals (D:4)
  3 quokkas
  7 bats
  2 frilled lizards
  6 kobolds
  4 rats
65 creatures vanquished.

Notes
Turn   | Place    | Note
-------+----------+-------------------------------------------
     0 | D:1      | shadowstone the Gargoyle Reaver began the quest for the
                  | Orb.
     0 | D:1      | Reached XP level 1. HP: 12/12 MP: 3/3
   194 | D:1      | Reached XP level 2. HP: 17/17 MP: 5/5
   604 | D:1      | Learned a level 2 spell: Momentum Strike
   680 | D:1      | Reached XP level 3. HP: 17/21 MP: 1/6
  2364 | D:1      | Reached skill level 1 in Armour
  4123 | D:2      | Found a faded altar of an unknown god.
  4158 | D:2      | Prayed at the altar of an unknown god.
  4158 | D:2      | Became a worshipper of Gozag Ym Sagoz the Greedy
  4390 | D:2      | Reached skill level 1 in Short Blades
  4545 | D:2      | Identified the +4 mace of True Grit {freeze, Str+4}
  4738 | D:3      | Reached XP level 4. HP: 27/27 MP: 7/7
  4811 | D:3      | Identified the +4 ring mail of the Tsukumogami {*Corrode
                  | Will+++ Dex+5}
  4934 | D:3      | Reached skill level 1 in Maces & Flails
  5543 | D:4      | Reached XP level 5. HP: 31/31 MP: 8/8
  5589 | D:4      | Noticed an ogre
  5600 | D:4      | Slain by an ogre

Illustrated notes

Levels and vault maps discovered:
D:1:      minmay_arrival_arboretum_large, layout_basic, serial_shops,
          nicolae_shop_back_alley_shop, minmay_crystal_water,
          minmay_pentomino_w2
D:2:      layout_basic, shapermc_ecumenical_altar_ellora
D:3:      layout_rooms
D:4:      layout_gridville, led_sif_book, serial_shops, shop,
          nicolae_specific_store, uniq_ijyb, uniq_eustachio

Skill      XL: |  1  2  3  4 |
---------------+-------------+-----
Long Blades    | 3 |  3.0
Armour         | 1 2 |  2.1
Short Blades   | 1 |  1.3
Maces & Flails | 1 |  1.4
Dodging        | 2 |  2.0
Fighting       | |  2.5
Stealth        | |  0.3
Spellcasting   | |  2.4
Conjurations   | |  3.5
Translocations | |  0.1

Action                     |  1- 3 |  4- 6 || total
---------------------------+-------+-------++-------
  Melee: Dagger            |    94 |       ||    94
         Falchion          |    39 |       ||    39
         Whip              |     9 |       ||     9
         Mace              |     7 |    73 ||    80
   Cast: Momentum Strike   |     9 |       ||     9
    Use: Scroll            |     1 |       ||     1
         Potion            |     1 |       ||     1
 Armour: Leather armour    |    67 |       ||    67
         Ring mail         |       |    84 ||    84
  Dodge: Dodged            |   107 |   102 ||   209

Table legend: (Time is in decaauts)
 A = Elapsed time spent in this place.
 B = Non-inter-level travel time spent in this place.
 C = Inter-level travel time spent in this place.
 D = Time resting spent in this place.
 E = Time spent auto-exploring this place.
 F = Levels seen in this place.
 G = Mean time per level.
                   A        B        C        D        E       F      G
               +--------+--------+--------+--------+--------+-----+--------+
         Total |   5608 |   5573 |     35 |   3362 |    539 |   4 | 1402.0 |
       Dungeon |   5608 |   5573 |     35 |   3362 |    539 |   4 | 1402.0 |
               +--------+--------+--------+--------+--------+-----+--------+

Top non-repeatable levels by time:
     D:1: 3365 daAuts
     D:2: 1353 daAuts
     D:3: 745 daAuts
     D:4: 143 daAuts
